Map: Ascension to Aiur LE

Players

DnS - Winner!

  • Race: Protoss Protoss
  • Spawn Location: 5:00

SpeCial

  • Race: Terran Terran
  • Spawn Location: 11:00

Event: WCS Montreal 2017

VOD

Have the link to the VOD?

Description

Time

  • Played on: Sept. 8, 2017, 2:51 p.m.
  • Length: 20:05

All games in this series

Show
View Real Time Build Order
Export as new Build Order

DnS Protoss - Winner!

Build Orders: 1 Gate Expand, Dark Templar Rush 

Get SALT Encoding   

  12  0:00  Probe (Chrono Boost)  
  13  0:11  Probe (Chrono Boost)  
  14  0:17  Pylon  
  14  0:22  Probe (Chrono Boost)  
  15  0:35  Probe (Chrono Boost)  
  16  0:36  Gateway  
  16  0:46  Probe (Chrono Boost)  
  16  0:48  Assimilator  
  17  0:56  Probe (Chrono Boost)  
  18  1:07  Probe (Chrono Boost)  
  19  1:19  Nexus  
  19  1:23  Probe (Chrono Boost)  
  20  1:32  Cybernetics Core  
  20  1:34  Probe (Chrono Boost)  
  21  1:40  Assimilator  
  21  1:45  Probe (Chrono Boost)  
  22  1:50  Pylon  
  22  1:55  Probe (Chrono Boost)  
  23  2:08  Probe, Warp Gate, Adept (Chrono Boost)  
  26  2:20  Probe  
  27  2:25  Twilight Council  
  27  2:30  Probe (Chrono Boost)  
  27  2:32  Probe (Chrono Boost)  
  31  2:37  Adept (Chrono Boost)  
  31  2:42  Probe (Chrono Boost)  
  32  2:44  Probe (Chrono Boost)  
  33  2:57  Probe (Chrono Boost)  
  34  2:59  Probe (Chrono Boost)  
  35  3:08  Probe (Chrono Boost)  
  35  3:10  Probe (Chrono Boost)  
  37  3:13  Gateway  
  37  3:15  Dark Shrine  
  37  3:18  Probe (Chrono Boost)  
  38  3:20  Probe (Chrono Boost)  
  38  3:26  Gateway  
  39  3:29  Probe (Chrono Boost), Pylon  
  39  3:33  Probe (Chrono Boost)  
  41  3:39  Probe (Chrono Boost)  
  42  3:42  Robotics Facility  
  42  3:46  Mothership Core (Chrono Boost)  
  44  3:50  Probe (Chrono Boost)  
  44  3:54  Pylon  
  45  3:56  Assimilator  
  45  4:00  Probe (Chrono Boost)  
  45  4:01  Pylon  
  46  4:03  Assimilator  
  46  4:04  Probe (Chrono Boost)  
  47  4:11  Probe (Chrono Boost)  
  47  4:15  Probe (Chrono Boost)  
  49  4:21  Probe (Chrono Boost)  
  50  4:25  Probe (Chrono Boost)  
  50  4:26  Dark Templar  
  50  4:27  Dark Templar  
  50  4:31  Observer (Chrono Boost)  
  56  4:32  Probe  
  56  4:33  Nexus  
  56  4:37  Probe, Pylon  
  58  4:41  Charge (Chrono Boost)  
  58  4:52  Probe, Dark Templar  
  58  4:53  Probe  
  58  4:59  Immortal (Chrono Boost)  
  62  5:08  Stalker x2  
  66  5:19  Probe  
  67  5:21  Probe  
  67  5:31  Probe  
  67  5:33  Immortal  
  66  5:41  Sentry, Zealot  
  74  5:43  Zealot  
  74  5:46  Probe  
  77  5:51  Gateway  
  77  5:52  Gateway  
  77  5:56  Gateway  
  77  6:02  Probe  
  77  6:03  Probe x2  
  80  6:04  Sentry x2  
  80  6:05  Zealot  
  80  6:09  Pylon  
  86  6:17  Pylon  
  86  6:18  Pylon  
  86  6:20  Pylon  
  86  6:21  Pylon  
  86  6:26  Immortal  
  86  6:30  Phoenix  
  90  6:34  Zealot  
  90  6:37  Zealot x2  
  90  6:38  Probe x3, Pylon  
  99  6:49  Sentry, Zealot  
  99  6:50  Probe  
  99  6:51  Probe x2  
  99  6:53  Dark Templar  
  108  6:58  Zealot  
  108  6:59  Zealot x2  
  108  7:01  Probe  
  114  7:03  Probe x2  
  114  7:04  Observer  
  114  7:07  Pylon  
  118  7:09  Pylon  
  118  7:17  Forge  
  118  7:18  Forge  
  118  7:19  Probe  
  119  7:27  Stalker x2  
  119  7:28  Stalker  
  118  7:30  Probe  
  118  7:31  Probe  
  118  7:32  Probe  
  117  7:42  Probe, Protoss Ground Weapons Level 1 (Chrono Boost)  
  117  7:43  Probe, Robotics Bay  
  117  7:44  Probe, Protoss Ground Armor Level 1 (Chrono Boost)  
  120  7:47  Assimilator  
  120  7:54  Probe  
  120  7:55  Probe  
  120  7:56  Probe, Blink (Chrono Boost)  
  123  8:01  Assimilator  
  123  8:06  Probe  
  123  8:07  Probe  
  123  8:08  Probe  
  125  8:18  Probe  
  125  8:19  Probe  
  127  8:20  Probe  
  127  8:26  Stalker x5  
  138  8:28  Zealot  
  138  8:30  Probe  
  138  8:31  Pylon  
  138  8:33  Pylon  
  141  8:36  Pylon  
  141  8:45  Colossus (Chrono Boost), Pylon  
  141  8:51  Pylon  
  141  8:53  Extended Thermal Lance  
  147  9:02  Zealot, Stalker x4  
  153  9:03  Zealot  
  157  9:10  Pylon  
  157  9:11  Pylon  
  157  9:20  Nexus  
  157  9:23  Probe x3  
  157  9:32  Colossus  
  157  9:35  Probe x2, Protoss Ground Weapons Level 2 (Chrono Boost)  
  157  9:36  Protoss Ground Armor Level 2 (Chrono Boost)  
  163  9:52  Zealot  
  165  10:00  Dark Templar x3, Gateway  
  165  10:01  Gateway  
  171  10:08  Archon  
  171  10:09  Zealot  
  171  10:10  Zealot  
  172  10:19  Colossus  
  178  10:31  Zealot x3  
  184  10:36  Zealot x3  
  184  10:41  Gateway  
  184  10:42  Gateway  
  190  10:43  Gateway  
  184  10:54  Zealot x3  
  146  11:03  Stalker x3  
  146  11:05  Colossus  
  143  11:13  Pylon  
  149  11:20  Probe  
  149  11:22  Probe x2  
  149  11:24  Assimilator x2  
  152  11:26  Templar Archives  
  152  11:30  Pylon  
  152  11:32  Stalker x5  
  158  11:33  Stalker  
  164  11:53  Protoss Ground Weapons Level 3 (Chrono Boost)  
  164  11:54  Warp Prism  
  164  11:55  Protoss Ground Armor Level 3 (Chrono Boost)  
  164  12:00  Stalker x5  
  171  12:10  High Templar x4  
  171  12:11  Zealot x2  
  171  12:14  Archon  
  171  12:15  Archon  
  183  12:19  Photon Cannon  
  183  12:22  Pylon  
  183  12:31  High Templar x2  
  183  12:32  Dark Templar  
  183  12:35  Dark Templar, Archon  
  183  12:36  Zealot x3  
  195  12:45  Gateway  
  195  12:46  Gateway  
  195  13:08  Disruptor  
  195  13:10  Robotics Facility  
  198  13:22  Nexus  
  198  13:25  Pylon  
  196  13:33  Dark Templar, Zealot  
  200  13:40  Zealot x6  
  198  13:53  Photon Cannon  
  196  14:08  Stargate  
  194  14:19  Dark Templar x2, Zealot  
  192  14:32  Zealot x4  
  191  14:38  Dark Templar  
  191  14:44  Stalker x2  
  191  14:45  Stalker  
  189  14:47  Probe  
  189  14:48  Probe  
  189  14:49  Probe x3  
  190  14:55  Disruptor  
  190  14:58  Disruptor, Probe  
  190  14:59  Fleet Beacon  
  194  15:01  Probe x3, Stargate  
  198  15:07  Stalker  
  191  15:26  Disruptor  
  186  15:31  Probe  
  186  15:32  Probe  
  186  15:33  Assimilator, Probe x3  
  186  15:34  Assimilator  
  194  15:42  Probe x2  
  194  15:45  Probe x2  
  194  15:46  Protoss Shields Level 1 (Chrono Boost)  
  194  15:47  Zealot  
  198  15:53  Zealot x2  
  196  16:01  Zealot  
  196  16:02  Zealot  
  191  16:16  Zealot x7  
  191  16:17  Zealot x3  
  197  16:20  Probe  
  197  16:21  Probe  
  197  16:24  Dark Templar  
  181  16:33  Stalker  
  181  16:34  Stalker x2  
  172  16:40  Zealot x3  
  172  16:42  Stalker  
  172  16:43  Stalker x3  
  184  16:52  Phoenix  
  184  17:01  High Templar x3  
  184  17:02  High Templar x3  
  184  17:03  High Templar x2  
  184  17:05  Archon x2  
  184  17:06  Archon  
  200  17:10  Archon  
  198  17:15  Pylon  
  198  17:17  Pylon  
  186  17:22  Dark Templar  
  186  17:23  Zealot x4  
  189  17:36  Stalker x5  
  199  18:03  Stalker x2  
  199  18:04  Stalker  
  197  18:08  Tempest (Chrono Boost)  
  197  18:11  Tempest (Chrono Boost)  
  193  18:19  Protoss Air Weapons Level 1 (Chrono Boost)  
  199  18:20  Psionic Storm  
  189  18:46  Dark Templar  
  189  18:47  Zealot x6  
  176  18:57  Dark Templar  
  176  18:58  Zealot x5  
  176  19:01  Disruptor  
  176  19:02  Disruptor  
  169  19:10  High Templar x4  
  177  19:17  Archon  
  177  19:19  Archon  
  177  19:21  Stalker x4  
  177  19:22  Stalker  
  145  19:46  Zealot x9  
Show
View Real Time Build Order
Export as new Build Order

SpeCial Terran 

Build Orders: Gas First Reaper Expand, Reaper Expand, MMM Bio 

Get SALT Encoding   

  12  0:00  SCV  
  13  0:12  SCV  
  14  0:17  Supply Depot  
  14  0:25  SCV  
  15  0:29  Refinery  
  15  0:38  SCV  
  16  0:44  Barracks  
  16  0:50  SCV  
  17  1:02  SCV  
  18  1:15  SCV  
  19  1:31  Orbital Command  
  19  1:32  Reaper  
  20  1:42  Command Center  
  20  1:53  Factory  
  20  1:57  SCV  
  21  2:08  Barracks Reactor  
  21  2:09  SCV, Refinery  
  21  2:15  Supply Depot  
  22  2:22  SCV  
  23  2:36  SCV  
  24  2:39  Starport  
  24  2:44  Widow Mine  
  24  2:45  Marine x2  
  24  2:49  SCV  
  29  2:57  Orbital Command  
  29  3:02  SCV  
  29  3:03  Marine x2  
  31  3:13  Widow Mine  
  31  3:18  Viking  
  35  3:21  Marine x2, SCV  
  35  3:25  SCV  
  39  3:33  Supply Depot, SCV  
  40  3:38  Marine x2, SCV  
  43  3:44  Widow Mine  
  43  3:45  SCV  
  46  3:55  Medivac, SCV  
  49  3:56  Supply Depot  
  49  3:57  Marine x2, SCV  
  52  4:07  SCV  
  52  4:09  SCV  
  53  4:19  SCV  
  53  4:21  Factory Tech Lab  
  55  4:24  SCV  
  55  4:26  Marine x2  
  55  4:27  Command Center  
  55  4:28  Starport Tech Lab  
  58  4:31  SCV  
  58  4:35  Supply Depot  
  58  4:36  SCV  
  59  4:43  SCV  
  60  4:48  SCV  
  60  4:52  Marine  
  62  4:54  Supply Depot  
  62  4:56  Raven, Siege Tank, Marine  
  62  4:59  SCV  
  69  5:00  SCV  
  69  5:06  Barracks  
  70  5:10  Barracks  
  70  5:12  SCV  
  69  5:18  SCV  
  69  5:20  Supply Depot  
  70  5:24  SCV  
  70  5:27  Marine x2  
  73  5:31  SCV  
  71  5:36  SCV  
  71  5:40  Liberator  
  71  5:41  Orbital Command  
  72  5:43  Supply Depot, SCV  
  72  5:48  SCV  
  72  5:52  Refinery  
  72  5:55  Marine x2, SCV  
  75  5:57  Factory Reactor  
  75  6:01  Engineering Bay  
  78  6:05  Combat Shields, Marine x2, Stimpack, Engineering Bay  
  78  6:10  Orbital Command  
  80  6:13  SCV x2  
  80  6:17  Marine x2  
  84  6:23  Marauder x2  
  88  6:25  Refinery  
  88  6:28  Supply Depot, SCV x2  
  90  6:33  Terran Infantry Weapons Level 1  
  90  6:34  Terran Infantry Armor Level 1  
  90  6:37  SCV  
  91  6:40  SCV x2  
  91  6:47  Marine x3, Factory Reactor  
  93  6:49  Marine, SCV  
  93  6:52  Barracks, SCV x2  
  100  6:54  Barracks  
  100  6:55  Supply Depot  
  100  6:56  Medivac  
  100  7:00  Medivac  
  104  7:01  SCV  
  104  7:04  Marine, SCV x2  
  104  7:05  Marine  
  113  7:08  Marauder x2  
  113  7:13  SCV  
  114  7:16  SCV  
  114  7:17  Liberator, SCV  
  114  7:22  Marine x2  
  116  7:25  SCV  
  116  7:29  SCV x2, Marauder  
  125  7:30  Marauder  
  125  7:36  Bunker  
  125  7:42  Supply Depot x2  
  125  7:43  Barracks Tech Lab  
  125  7:45  Supply Depot  
  125  7:50  Barracks Reactor  
  125  7:52  Armory, Refinery  
  125  7:53  Refinery  
  125  7:54  Widow Mine x2  
  125  7:55  Ghost Academy, SCV x2, Marauder  
  133  8:01  Missile Turret  
  133  8:03  Marine x2, SCV, Marauder  
  138  8:07  SCV x2  
  140  8:14  Marauder  
  140  8:15  SCV  
  140  8:17  Marauder  
  140  8:18  Missile Turret  
  140  8:19  SCV x2  
  146  8:21  Marine x2  
  146  8:25  Ghost  
  146  8:26  Widow Mine  
  152  8:27  Widow Mine  
  152  8:34  Supply Depot  
  154  8:35  Ghost  
  154  8:38  Marine  
  154  8:39  Marine  
  154  8:40  Marine  
  157  8:47  Terran Infantry Weapons Level 2  
  157  8:48  Supply Depot  
  157  8:55  Ghost x2, Marine  
  159  8:59  Barracks x2  
  159  9:00  Terran Infantry Armor Level 2  
  159  9:02  Barracks  
  162  9:03  Ghost  
  162  9:08  Supply Depot  
  164  9:12  Supply Depot x2, Marine x2, Liberator x2  
  164  9:13  Marine x2  
  164  9:15  Terran Ship Weapons Level 1  
  170  9:24  Marauder x2  
  170  9:26  Command Center  
  177  9:32  Command Center  
  177  9:33  Marine, Concussive Shells  
  177  9:34  Marine x2, Marauder  
  182  9:46  Marauder  
  182  9:48  Barracks Tech Lab  
  182  9:49  Barracks Reactor, Barracks Tech Lab  
  179  9:53  Ghost, Marine x5  
  179  9:54  Ghost  
  188  10:00  Supply Depot  
  188  10:06  Ghost  
  189  10:09  Marauder x2  
  189  10:11  Marine x4  
  197  10:19  Marine  
  197  10:22  Marine  
  197  10:23  Marauder  
  200  10:31  Liberator  
  200  10:32  Liberator  
  200  10:36  Starport  
  200  10:45  Barracks Reactor  
  160  11:00  Marine  
  160  11:01  Marauder  
  160  11:02  Marine x2  
  160  11:03  Marine, Marauder  
  140  11:06  Marine  
  140  11:07  Marauder  
  140  11:08  Marauder  
  145  11:16  Terran Infantry Weapons Level 3  
  145  11:18  Marine  
  146  11:20  Marine x2  
  146  11:21  Marine  
  146  11:22  Marauder  
  146  11:23  Viking x2  
  146  11:24  Marine x2, Marauder  
  146  11:25  Marauder  
  161  11:28  Marauder, Missile Turret  
  161  11:31  Medivac, Terran Infantry Armor Level 3  
  161  11:32  Medivac  
  167  11:35  Marauder  
  167  11:36  Marine  
  167  11:38  Marine x2  
  167  11:39  Marine  
  173  11:42  Marine  
  173  11:43  Marauder  
  173  11:45  Marauder  
  178  11:53  Viking  
  178  12:06  Ghost, Medivac x2  
  178  12:07  Ghost, Marine  
  178  12:08  Marine x2, Marauder  
  191  12:11  Refinery  
  191  12:13  Marine, Marauder  
  191  12:14  Marine  
  195  12:23  Planetary Fortress  
  195  12:25  Refinery  
  195  12:28  Command Center  
  195  12:31  Viking x2  
  199  12:37  Terran Ship Weapons Level 2  
  197  12:45  Viking x2  
  200  13:24  Personal Cloaking  
  200  13:25  Command Center  
  200  13:26  Command Center  
  198  13:29  Viking x2  
  198  13:33  Viking  
  200  13:39  Viking  
  199  13:56  Hi-Sec Auto Tracking  
  196  14:06  Viking  
  198  14:12  Supply Depot  
  198  14:15  Sensor Tower  
  198  14:17  Viking  
  198  14:25  Viking x2  
  189  14:38  Marine  
  189  14:39  Marauder  
  189  14:41  Viking  
  185  14:51  Viking  
  185  14:55  Viking, Planetary Fortress  
  185  14:57  Orbital Command x2  
  185  14:58  Missile Turret  
  187  15:01  Viking  
  187  15:02  Marine, Marauder  
  191  15:08  Marine  
  191  15:09  Marine, Marauder  
  191  15:11  Viking  
  197  15:17  Terran Ship Weapons Level 3  
  195  15:27  Marine x2, Marauder  
  196  15:31  Marine  
  196  15:32  Marauder  
  199  15:36  Liberator x2  
  199  15:37  Liberator  
  199  15:39  Sensor Tower, Missile Turret  
  200  16:01  Marine  
  200  16:02  Liberator  
  189  16:17  Ghost x3  
  195  16:20  Liberator x2  
  195  16:21  Liberator  
  176  16:41  Ghost  
  176  16:45  Liberator, Missile Turret  
  176  16:47  Starport  
  176  16:48  Fusion Core  
  176  16:52  Marine x2  
  176  16:53  Marine x2, Marauder  
  176  16:55  Marine  
  176  16:56  Marine, Marauder  
  176  16:57  Marauder  
  182  17:02  Refinery  
  182  17:03  Liberator, Refinery  
  183  17:09  Marauder  
  183  17:10  Marine  
  186  17:18  Marine, Marauder  
  186  17:19  Liberator  
  186  17:20  Liberator  
  186  17:21  Ghost  
  186  17:22  Ghost  
  182  17:38  Starport Tech Lab, Supply Depot  
  182  17:39  Supply Depot, Liberator x2  
  182  17:44  Ghost x2, Marine  
  182  17:45  Marauder  
  182  17:49  Missile Turret  
  189  17:55  Command Center  
  195  18:05  Marine, Marauder  
  198  18:07  Marauder  
  198  18:12  Building Armor  
  197  18:13  Advanced Ballistics  
  194  18:23  Liberator x2  
  194  18:25  Marine, Marauder  
  196  18:28  Marine  
  196  18:29  Marine, Marauder x2  
  188  18:44  Marauder  
  188  18:47  Marine  
  144  19:00  Marauder  
  129  19:07  Marauder  
  129  19:18  Marine, Marauder  
  109  19:37  Marine  
  109  19:38  Marauder  
  96  19:42  Marine  
  96  19:44  Marine  
Tags
 
Add a new tag
Caveats
  • Supply blocks, unpowered buildings, or Contaminate may cause inaccurate times.
  • Supply counts are checked every 10 seconds.